 Dungeon Sprint DCSS version 0.21.1-1-g345015f (webtiles) character file.

2093 wilfster70 the Nimble (level 9, -5/75 HPs)
             Began as a Gnoll Gladiator on June 6, 2018.
             Was the Champion of Cheibriados.
             Slain by Itwem the pandemonium lord (42 damage)
             ... in the Dungeon (Sprint V: "Ziggurat Sprint").
             The game lasted 00:05:26 (582 turns).

wilfster70 the Nimble (Gnoll Gladiator)              Turns: 582, Time: 00:05:26

Health: -5/75      AC: 24    Str: 37    XL:     9   Next: 27%
Magic:  19/20      EV:  9    Int: 39    God:    Cheibriados [******]
Gold:   0          SH: 32    Dex: 31    Spells: 22/22 levels left

rFire    + . .     SeeInvis +   H - +14 obsidian axe {chop, +Fly SInv *Curse} (curse)
rCold    + + .     Gourm    .   a - +18 shield of the Gong {rElec rN+ MR+ EV-5}
rNeg     + . .     Faith    +   l - +5 gold dragon scales
rPois    +         Spirit   .   M - +2 helmet "Ihumia Late" {Int+5}
rElec    +         Reflect  .   (no cloak)
rCorr    .         Harm     .   (no gloves)
MR       +....     NoTele   +   (no boots)
Stlth    ..........             I - amulet of faith
HPRegen  0.22/turn              F - +6 ring of strength
MPRegen  0.17/turn              B - ring "Agin" {rPois rC+ Int+4 SInv}

@: mesmerised, very slow
A: distributed training, fangs 1, strong nose
a: Bend Time, Temporal Distortion, Slouch, Step From Time, Renounce Religion,
Evoke Flight


You were in the Dungeon.
You worshipped Cheibriados.
Cheibriados was exalted by your worship.
You were not hungry.

You visited 1 branch

Inventory:

Hand Weapons
 H - the cursed +14 obsidian axe (weapon) {chop, +Fly SInv *Curse}
   (You found it in the Dungeon)

   It inflicts extra damage upon your enemies.
   It lets you see invisible.
   It lets you fly.
   It curses itself when equipped.
   It has a curse placed upon it.
Missiles
 d - 3 throwing nets (quivered)
Armour
 a - the +18 shield of the Gong (worn) {rElec rN+ MR+ EV-5}
   (You found it in the Dungeon)

   It affects your evasion (-5).
   It insulates you from electricity.
   It protects you from negative energy.
   It affects your resistance to hostile enchantments.
 l - +5 gold dragon scales (worn)
 M - the +2 helmet "Ihumia Late" (worn) {Int+5}
   (You found it in the Dungeon)

   It affects your intelligence (+5).
Jewellery
 j - an uncursed ring of magical power
 B - the ring "Agin" (right hand) {rPois rC+ Int+4 SInv}
   (You found it in the Dungeon)

   [ring of protection from cold]

   It affects your intelligence (+4).
   It protects you from cold.
   It protects you from poison.
   It lets you see invisible.
 D - a +6 ring of intelligence
 E - a +6 ring of intelligence
 F - a +6 ring of strength (left hand)
 I - an amulet of faith (around neck)
Wands
 y - a wand of disintegration (7)
 z - a wand of iceblast (7)
 A - a wand of acid (7)
Scrolls
 k - 4 scrolls of blinking
 s - 4 scrolls of amnesia
 t - 7 scrolls of fog
 u - a scroll of holy word
 v - 5 scrolls of identify
 w - 5 scrolls of remove curse
 x - 2 scrolls of fear
 K - a scroll of brand weapon
 L - 4 scrolls of enchant weapon
Potions
 e - 10 potions of curing
 g - 9 potions of heal wounds
 i - 7 potions of magic
 m - 2 potions of brilliance
 n - 2 potions of invisibility
 o - 4 potions of resistance
 p - a potion of experience
 q - 5 potions of agility
 r - 5 potions of might
Books
 b - a book of Frost

   Spells                             Type                      Level
   a - Freeze                         Ice                          1
   b - Throw Frost                    Conjuration/Ice              2
   c - Ozocubu's Armour               Charms/Ice                   3
   d - Throw Icicle                   Conjuration/Ice              4
   e - Summon Ice Beast               Ice/Summoning                4
 c - a book of the Dragon

   Spells                             Type                      Level
   a - Flame Tongue                   Conjuration/Fire             1
   b - Cause Fear                     Hexes                        4
   c - Bolt of Fire                   Conjuration/Fire             6
   d - Dragon Form                    Transmutation                7
   e - Dragon's Call                  Summoning                    9
 C - a book of Power

   Spells                             Type                      Level
   a - Iskenderun's Battlesphere      Conjuration/Charms           5
   b - Venom Bolt                     Conjuration/Poison           5
   c - Bolt of Magma                  Conjuration/Fire/Earth       5
   d - Iron Shot                      Conjuration/Earth            6
   e - Orb of Destruction             Conjuration                  7
   f - Spellforged Servitor           Conjuration/Summoning        7
 J - a book of Burglary

   Spells                             Type                      Level
   a - Swiftness                      Charms/Air                   2
   b - Passwall                       Transmutation/Earth          2
   c - Passage of Golubria            Translocation                4
   d - Lee's Rapid Deconstruction     Earth                        5
   e - Darkness                       Hexes                        6
   f - Invisibility                   Hexes                        6
Miscellaneous
 h - a fan of gales
Comestibles
 f - 7 rations


   Skills:
 + Level 8.7 Fighting
 + Level 7.3 Short Blades
 + Level 7.3 Long Blades
 + Level 9.9 Axes
 + Level 7.3 Maces & Flails
 + Level 7.3 Polearms
 + Level 7.3 Staves
 + Level 7.3 Slings
 + Level 7.3 Bows
 + Level 7.3 Crossbows
 + Level 8.7 Throwing
 + Level 7.3 Armour
 + Level 9.9 Dodging
 + Level 7.3 Stealth
 + Level 7.3 Shields
 + Level 7.3 Unarmed Combat
 + Level 7.3 Spellcasting
 + Level 6.1 Conjurations
 + Level 6.1 Hexes
 + Level 6.1 Charms
 + Level 6.1 Summonings
 + Level 6.1 Necromancy
 + Level 6.1 Translocations
 + Level 6.1 Transmutations
 + Level 6.1 Fire Magic
 + Level 6.1 Ice Magic
 + Level 6.1 Air Magic
 + Level 6.1 Earth Magic
 + Level 6.1 Poison Magic
 + Level 8.0 Invocations
 + Level 7.3 Evocations


You had 22 spell levels left.
You didn't know any spells.

Dungeon Overview and Level Annotations

Branches:
Dungeon (1/1)

Altars:
Ashenzari
Cheibriados
Dithmenos
Elyvilon
Fedhas
Gozag
Hepliaklqana
Kikubaaqudgha
Makhleb
Nemelex Xobeh
Okawaru
Qazlal
Ru
Sif Muna
Trog
Uskayaw
Vehumet
Wu Jian
Xom
Yredelemnul
Zin
The Shining One
Beogh
Jiyva
Lugonu

Annotations:
D 1 transporter


Innate Abilities, Weirdness & Mutations

Your experience applies equally to all skills.
You have very sharp teeth.
Your uncanny sense of smell can sniff out nearby items.


Message History

Your neqoxec closely misses Itwem.
The crimson imp hits your sun demon but does no damage.
Itwem hits you!!
* * * LOW HITPOINT WARNING * * *
Your white imp barely misses Itwem.
Your sun demon hits the crimson imp!
The crimson imp is engulfed in flames.
The crimson imp completely resists.
You feel much better. You block the red devil's attack.
BONNNG!
You block Itwem's attack.
BOUMMMMG!
The crimson imp hits your sun demon but does no damage.
Your neqoxec closely misses Itwem.
Your sun demon hits the crimson imp!!
The crimson imp dies!
Cheibriados thoroughly appreciates the change of pace.
Your white imp barely misses Itwem.
You closely miss Itwem. You bite Itwem, but do no damage.
Itwem is lightly wounded.
Itwem hits you!!!
Ouch! That really hurt!
You die...

▓▓▓▓▓▓▓▓▓▓▓▓▓▓▓▓▓▓▓
▓..8©8..▓ ∆∆∆∆
▓..:)}..▓ ∆∆∆
▓..:)|..▓ ▓.......▓
▓.......▓ ▓...4...▓
▓.3&35..▓ ▓.▓5@.▓.▓
▓..5©...▓ ▓▓▓▓▓▓▓▓▓
∆ ∆∆∆ ∆∆∆


You could see Itwem, a red devil, a friendly sun demon, a friendly neqoxec, a
friendly iron imp and 2 friendly white imps.

Vanquished Creatures
  A sixfirhy (D)
  2 deep elf magi (D)
  2 jumping spiders (D)
  An air elemental (D)
  Blork the orc (D)
  A scorpion (D)
  A crimson imp (D)
  A quasit (D)
  An orc priest (D)
  Jessica (D)
  An orc wizard (D)
  2 ufetubi (D)
  3 orcs (D)
18 creatures vanquished.

Vanquished Creatures (collateral kills)
  A deep elf mage (D)
  Sigmund (D)
  A scorpion (D)
  A crimson imp (D)
4 creatures vanquished.

Vanquished Creatures (others)
  4 spatial maelstroms (D)
4 creatures vanquished.

Grand Total: 26 creatures vanquished

Notes
Turn   | Place    | Note
-------+----------+-------------------------------------------
     0 | D        | Found the +6 Majin-Bo {vamp, Archmagi MP+6 Int+6}
     0 | D        | Found the +7 great mace "Firestarter" {inner flame, rF++}
     0 | D        | wilfster70 the Gnoll Gladiator began the quest for the Orb.
     0 | D        | Reached XP level 1. HP: 20/20 MP: 1/1
     2 | D        | Found a bloodstained altar of Trog.
     2 | D        | Found a deep blue altar of Sif Muna.
     2 | D        | Found a sacrificial altar of Ru.
     2 | D        | Found a stormy altar of Qazlal.
     3 | D        | Banished a spatial maelstrom
     9 | D        | Found a blossoming altar of Fedhas.
    11 | D        | Banished a spatial maelstrom
    21 | D        | Found a viscous altar of Jiyva.
    21 | D        | Found a transporter.
    21 | D        | Found a hazy altar of Hepliaklqana.
    21 | D        | Found an ancient bone altar of Kikubaaqudgha.
    21 | D        | Found an opulent altar of Gozag.
    21 | D        | Found a corrupted altar of Lugonu.
    22 | D        | Banished a spatial maelstrom
    23 | D        | Found an iron altar of Okawaru.
    23 | D        | Found a sparkling altar of Nemelex Xobeh.
    25 | D        | Found a burning altar of Makhleb.
    44 | D        | Found the +9 heavy crossbow "Sniper" {velocity, Acc+∞ SInv}
    44 | D        | Found the +10 dark maul {crush}
    44 | D        | Found the +15 Maxwell's patent armour {-Cast -Tele rElec MR+ rCorr}
    44 | D        | Found the +18 shield of the Gong {rElec rN+ MR+ EV-5}
    44 | D        | Found the cursed +14 obsidian axe {chop, +Fly SInv *Curse}
    45 | D        | Found the +6 shillelagh "Devastator" {shatter}
    45 | D        | Found the +11 plutonium sword {*Contam Stlth-}
    45 | D        | Found the +8 lance "Wyrmbane" {slay drac, rPois rF+ rC+ AC+3}
    45 | D        | Found the +9 sword of Zonguldrok {reap}
    45 | D        | Found the cursed +13 scythe of Curses {drain, *Curse}
    45 | D        | Found the +0 sword of Power
    45 | D        | Found the +5 mace of Variability {chaos}
    45 | D        | Found the +7 Singing Sword
    45 | D        | Found the +7 longbow "Piercer" {penet, EV-2}
    51 | D        | Banished a spatial maelstrom
    61 | D        | Became a worshipper of Cheibriados the Contemplative
    83 | D        | Entered arena 2.
    83 | D        | Noticed a crimson imp
    83 | D        | Found a transporter.
    86 | D        | Reached skill level 1 in Invocations
    87 | D        | Killed a crimson imp
    87 | D        | Reached * piety under Cheibriados
    87 | D        | Reached skill level 5 in Fighting
    87 | D        | Reached skill level 5 in Throwing
    87 | D        | Reached skill level 1 in Conjurations
    87 | D        | Reached skill level 1 in Hexes
    87 | D        | Reached skill level 1 in Charms
    87 | D        | Reached skill level 1 in Summonings
    87 | D        | Reached skill level 1 in Necromancy
    87 | D        | Reached skill level 1 in Translocations
    87 | D        | Reached skill level 1 in Transmutations
    87 | D        | Reached skill level 1 in Fire Magic
    87 | D        | Reached skill level 1 in Ice Magic
    87 | D        | Reached skill level 1 in Air Magic
    87 | D        | Reached skill level 1 in Earth Magic
    87 | D        | Reached skill level 1 in Poison Magic
    87 | D        | Reached XP level 2. HP: 26/27 MP: 1/5
    87 | D        | Reached XP level 3. HP: 32/33 MP: 1/6
   136 | D        | Entered arena 3.
   136 | D        | Noticed Sigmund
   136 | D        | Noticed Jessica
   136 | D        | Noticed Blork the orc
   136 | D        | Found a transporter.
   139 | D        | Killed Jessica
   139 | D        | Reached XP level 4. HP: 39/39 MP: 7/7
   140 | D        | Killed Blork the orc
   140 | D        | Reached ** piety under Cheibriados
   140 | D        | Reached XP level 5. HP: 44/44 MP: 7/9
   141 | D        | Killed Sigmund
   141 | D        | Reached XP level 6. HP: 52/52 MP: 7/12
   154 | D        | Entered arena 4.
   154 | D        | Noticed an air elemental
   154 | D        | Noticed a deep elf mage
   154 | D        | Noticed a deep elf mage
   154 | D        | Noticed a deep elf mage
   154 | D        | Found a transporter.
   159 | D        | Killed an air elemental
   159 | D        | Reached skill level 5 in Invocations
   161 | D        | Noticed a fire elemental
   161 | D        | Noticed a fire elemental
   163 | D        | Killed a deep elf mage
   163 | D        | Reached *** piety under Cheibriados
   163 | D        | Reached skill level 5 in Short Blades
   163 | D        | Reached skill level 5 in Long Blades
   163 | D        | Reached skill level 5 in Maces & Flails
   163 | D        | Reached skill level 5 in Polearms
   163 | D        | Reached skill level 5 in Staves
   163 | D        | Reached skill level 5 in Slings
   163 | D        | Reached skill level 5 in Bows
   163 | D        | Reached skill level 5 in Crossbows
   163 | D        | Reached skill level 5 in Armour
   163 | D        | Reached skill level 5 in Stealth
   163 | D        | Reached skill level 5 in Shields
   163 | D        | Reached skill level 5 in Unarmed Combat
   163 | D        | Reached skill level 5 in Spellcasting
   163 | D        | Reached skill level 5 in Evocations
   163 | D        | Reached XP level 7. HP: 11/60 MP: 10/14
   164 | D        | Killed a deep elf mage
   165 | D        | Killed a deep elf mage
   165 | D        | Reached **** piety under Cheibriados
   165 | D        | Reached skill level 5 in Conjurations
   165 | D        | Reached skill level 5 in Hexes
   165 | D        | Reached skill level 5 in Charms
   165 | D        | Reached skill level 5 in Summonings
   165 | D        | Reached skill level 5 in Necromancy
   165 | D        | Reached skill level 5 in Translocations
   165 | D        | Reached skill level 5 in Transmutations
   165 | D        | Reached skill level 5 in Fire Magic
   165 | D        | Reached skill level 5 in Ice Magic
   165 | D        | Reached skill level 5 in Air Magic
   165 | D        | Reached skill level 5 in Earth Magic
   165 | D        | Reached skill level 5 in Poison Magic
   165 | D        | Reached XP level 8. HP: 13/68 MP: 11/17
   444 | D        | Entered arena 5.
   444 | D        | Noticed a jumping spider
   444 | D        | Noticed a jumping spider
   444 | D        | Found a transporter.
   447 | D        | Killed a jumping spider
   448 | D        | Killed a jumping spider
   448 | D        | Reached ***** piety under Cheibriados
   449 | D        | Noticed a sun demon
   458 | D        | Got the +2 helmet "Ihumia Late" {Int+5}
   562 | D        | Entered arena 6.
   562 | D        | Found a transporter.
   567 | D        | Reached ****** piety under Cheibriados
   570 | D        | Got the ring "Agin" {rPois rC+ Int+4 SInv}
   576 | D        | Entered arena 7.
   576 | D        | Noticed Itwem the pandemonium lord
   576 | D        | Noticed a sixfirhy
   576 | D        | Noticed a red devil
   577 | D        | Found a transporter.
   578 | D        | Killed a sixfirhy
   578 | D        | Reached XP level 9. HP: 75/75 MP: 19/19
   582 | D        | Slain by Itwem the pandemonium lord

Skill      XL: |  1  2  3  4  5  6  7  8 |
---------------+-------------------------+-----
Invocations    | 2 3 4 5 6 8 |  8.0
Fighting       | 5 6 7 8 |  8.7
Short Blades   | 2 3 4 5 6 7 |  7.3
Long Blades    | 2 3 4 5 6 7 |  7.3
Maces & Flails | 2 3 4 5 6 7 |  7.3
Polearms       | 2 3 4 5 6 7 |  7.3
Staves         | 2 3 4 5 6 7 |  7.3
Slings         | 2 3 4 5 6 7 |  7.3
Bows           | 2 3 4 5 6 7 |  7.3
Crossbows      | 2 3 4 5 6 7 |  7.3
Throwing       | 5 6 7 8 |  8.7
Armour         | 2 3 4 5 6 7 |  7.3
Stealth        | 2 3 4 5 6 7 |  7.3
Shields        | 2 3 4 5 6 7 |  7.3
Unarmed Combat | 2 3 4 5 6 7 |  7.3
Spellcasting   | 2 3 4 5 6 7 |  7.3
Conjurations   | 1 2 3 4 5 6 |  6.1
Hexes          | 1 2 3 4 5 6 |  6.1
Charms         | 1 2 3 4 5 6 |  6.1
Summonings     | 1 2 3 4 5 6 |  6.1
Necromancy     | 1 2 3 4 5 6 |  6.1
Translocations | 1 2 3 4 5 6 |  6.1
Transmutations | 1 2 3 4 5 6 |  6.1
Fire Magic     | 1 2 3 4 5 6 |  6.1
Ice Magic      | 1 2 3 4 5 6 |  6.1
Air Magic      | 1 2 3 4 5 6 |  6.1
Earth Magic    | 1 2 3 4 5 6 |  6.1
Poison Magic   | 1 2 3 4 5 6 |  6.1
Evocations     | 2 3 4 5 6 7 |  7.3
Axes           | 7 8 9 |  9.9
Dodging        | 7 8 9 |  9.9

Action                   |  1- 3 |  4- 6 |  7- 9 || total
-------------------------+-------+-------+-------++-------
Melee: Broad axe         |     4 |     9 |    15 ||    28
       Bite              |     1 |     3 |     3 ||     7
  Use: Potion            |       |       |     1 ||     1
 Stab: Distracted        |       |     1 |       ||     1
Armor: Gold dragon scale |     6 |     6 |     6 ||    18
Dodge: Dodged            |       |     2 |     1 ||     3
Block: Shield            |    10 |    15 |    31 ||    56
